 Dungeon Crawl Stone Soup version 0.13.1-27-ga479965 (webtiles) character file.

194 Kae the Ruffian (level 4, -8/35 HPs)
             Began as a Draconian Transmuter on Feb 6, 2014.
             Mangled by a gnoll
             ... wielding a +0,+0 spear
              (10 damage)
             ... on Level 3 of the Dungeon.
             The game lasted 00:04:10 (1625 turns).

Kae the Ruffian (Draconian Transmuter)              Turns: 1625, Time: 00:04:10

HP  -8/35        AC  9     Str 13      XL: 4   Next: 57%
MP   6/6         EV 12     Int 13      God:
Gold 87          SH  0     Dex 12      Spells:  3 memorised,  1 level left

Res.Fire  : . . .   See Invis. : .     - Unarmed
Res.Cold  : . . .   Warding    : .   (armour unavailable)
Life Prot.: . . .   Conserve   : .   (no shield)
Res.Poison: .       Res.Corr.  : .   (helmet restricted)
Res.Elec. : .       Clarity    : .   x - +2 cloak
Sust.Abil.: . .     Spirit.Shd : .   (no gloves)
Res.Mut.  : .       Stasis     : .   i - +0 pair of boots (curse)
Res.Rott. : .       Flight     : .   (no amulet)
Saprovore : . . .                    (no ring)
                                     (no ring)

@: slightly resistant to hostile enchantments, unstealthy
A: unfitting armour, AC +5
a: no special abilities


You were on level 3 of the Dungeon.
You were not hungry.

You visited 1 branch of the dungeon, and saw 3 of its levels.

You collected 67 gold pieces.

Inventory:

Missiles
 b - 12 arrows
 g - 47 darts (quivered)
Armour
 i - a cursed +0 pair of boots (worn)
 x - a +2 cloak (worn)
Comestibles
 a - 5 bread rations
 f - a banana
 j - 2 chokos
 u - an apple
 w - 2 rotting chunks of gnoll flesh
Scrolls
 c - 5 scrolls of remove curse {unknown}
 l - a scroll of blinking {unknown}
 q - a scroll of fog {unknown}
 v - a scroll of random uselessness {unknown}
 y - a scroll of identify {unknown}
Jewellery
 o - a cursed ring of flight {unknown}
 s - an uncursed ring of magical power {unknown}
Potions
 e - 2 potions of blood {unknown}
 h - a potion of slowing {unknown}
 k - a potion of confusion {unknown}
 m - a potion of flight {unknown}
 n - a potion of mutation {unknown}
 p - 2 potions of curing {unknown}
 r - a potion of magic {unknown}
 t - a potion of paralysis {unknown}
Books
 d - a book of Changes

   Spells                             Type                      Level
   *Beastly Appendage                 Transmutation                1
   *Sticks to Snakes                  Transmutation                2
   *Spider Form                       Transmutation/Poison         3
   Ice Form                           Ice/Transmutation            4
   Blade Hands                        Transmutation                5


   Skills:
 - Level 1.1 Fighting
 - Level 1.7 Dodging
 * Level 4.8 Unarmed Combat
 - Level 2.0 Spellcasting
 + Level 3.1 Transmutations


You had one spell level left.
You knew the following spells:

 Your Spells              Type           Power        Failure   Level  Hunger
a - Beastly Appendage     Trmt           #.....       10%         1    ##.....
b - Sticks to Snakes      Trmt           #.........   12%         2    ###....
c - Spider Form           Trmt/Pois      #.........   38%         3    ####...


Dungeon Overview and Level Annotations

Branches:
Dungeon (3/27)

Altars:
Trog


Message History

You are too injured to fight recklessly!
You are too injured to fight recklessly!
You are too injured to fight recklessly!
You are too injured to fight recklessly!
You are too injured to fight recklessly!
You are too injured to fight recklessly!
You are too injured to fight recklessly!
You are too injured to fight recklessly!
You hit the gnoll.
The gnoll is severely wounded.
The gnoll hits you with a spear!
* * * LOW HITPOINT WARNING * * *
You hit the gnoll.
The gnoll is almost dead.
The gnoll hits you with a spear.
* * * LOW HITPOINT WARNING * * *
You barely miss the gnoll.
The gnoll is almost dead.
The gnoll hits you with a spear!
You die...

## .# #######.#
########'##
#.......g.
#.........####.#
+.........##...#
#......g.)#..###
#.....@...'.##
#....%....###
#######'### #....#
#.#### ####.#######
##### ######
#..........# ......
.....#
#..........###......
.....###
#..........#.'..g..g.


You could see a gnoll.

Vanquished Creatures
  Crazy Yiuf (D:2)
  Terence (D:3)
  2 gnolls (D:3)
  A giant mite (D:2)
  2 giant geckos (D:1)
  2 bats (D:2)
  2 giant cockroaches (D:1)
  4 goblins (D:2)
  5 hobgoblins
  4 jackals (D:3)
  4 kobolds
  3 ball pythons (D:1)
  A giant newt (D:2)
  5 rats
37 creatures vanquished.

Notes
Turn   | Place    | Note
--------------------------------------------------------------
     0 | D:1      | Kae, the Draconian Transmuter, began the quest for the Orb.
     0 | D:1      | Reached XP level 1. HP: 16/16 MP: 1/1
   334 | D:1      | Reached XP level 2. HP: 14/23 MP: 3/3
  1030 | D:2      | Reached skill level 4 in Unarmed Combat
  1030 | D:2      | Reached XP level 3. HP: 20/28 MP: 4/4
  1034 | D:2      | Learned a level 2 spell: Sticks to Snakes
  1038 | D:2      | Learned a level 3 spell: Spider Form
  1331 | D:2      | Noticed Crazy Yiuf
  1337 | D:2      | Killed Crazy Yiuf
  1337 | D:2      | Reached XP level 4. HP: 35/35 MP: 4/6
  1448 | D:3      | Found a bloodstained altar of Trog.
  1530 | D:3      | Noticed Terence
  1558 | D:3      | Killed Terence
  1625 | D:3      | Mangled by a gnoll

Action                   |  1- 3 |  4- 6 || total
-------------------------+-------+-------++-------
Melee: Unarmed           |   111 |    75 ||   186
 Cast: Beastly Appendage |     4 |     3 ||     7
